TOP OF THE 1ST |
---|
Oregon Ducks batting - Pitching for Stanford Cardinals : RHP Evan O'Rourke | Pitching: RHP Evan O'Rourke | | Batting: LHB Leo Lara | 0-0: Called Strike 0-1: Foul Ball, location: 2F 0-2: Strikes out swinging | Batting: RHB Brad Lowry | 0-0: Ball 1-0: Ball 2-0: Foul Ball, location: 2F 2-1: Ball 3-1: Fly out, F8 (Flyball, 78M) | Batting: RHB Jeff Bunch | 0-0: Ball 1-0: Ball 2-0: Ball 3-0: Called Strike 3-1: Called Strike 3-2: Foul Ball, location: 2F 3-2: Foul Ball, location: 2F 3-2: Fly out, F5 (Line Drive, 5) | Top of the 1st over - 0 run(s), 0 hit(s), 0 error(s), 0 left on base; Oregon 0 - Stanford 0 | BOTTOM OF THE 1ST |
---|
Stanford Cardinals batting - Pitching for Oregon Ducks : RHP Brandon Poteat | Pitching: RHP Brandon Poteat | | Batting: RHB Tony Fimbres | 0-0: Called Strike 0-1: Ball 1-1: Ball 2-1: SINGLE (Groundball, 6MD) | Batting: SHB Jose Gutierrez | 0-0: Ball 1-0: Swinging Strike 1-1: Fielders Choice at 2nd, 6-4 (Groundball, 6) | Batting: SHB Dave Abell | 0-0: Ground out 3-1 (Groundball, 34S) Jose Gutierrez to second | Batting: SHB Alex Ledesma | 0-0: Foul Ball, location: 2F 0-1: Swinging Strike 0-2: Foul Ball, location: 2F 0-2: Ball 1-2: Ball 2-2: Fly out, F4 (Popup, 4M) | Bottom of the 1st over - 0 run(s), 1 hit(s), 0 error(s), 1 left on base; Oregon 0 - Stanford 0 | TOP OF THE 2ND |
---|
Oregon Ducks batting - Pitching for Stanford Cardinals : RHP Evan O'Rourke | Batting: RHB Gabriel Lerer | 0-0: Swinging Strike 0-1: Swinging Strike 0-2: Ball 1-2: Ball 2-2: Strikes out swinging | Batting: SHB Josh Herrera | 0-0: Called Strike 0-1: Ball 1-1: Ball 2-1: Ball 3-1: Base on Balls | Batting: RHB Jason Mathews | 0-0: Foul Ball, location: 2F 0-1: Ball 1-1: Ball 2-1: Ball 3-1: Base on Balls Josh Herrera to second | Batting: RHB Jason Mooney | 0-0: Called Strike 0-1: Fly out, F9 (Line Drive, 9D) Runner from 2nd tags up, SAFE at 3rd, no throw | Batting: RHB Eric Wilson | 0-0: Ball 1-0: Ball 2-0: Foul Ball, location: 2F 2-1: SINGLE (Groundball, 56D) Josh Herrera scores Jason Mathews to second | Batting: LHB Rich Avalos | 0-0: Called Strike 0-1: Foul Ball, location: 2F 0-2: Ball 1-2: Fly out, F9 (Flyball, 89S) | Top of the 2nd over - 1 run(s), 1 hit(s), 0 error(s), 2 left on base; Oregon 1 - Stanford 0 | BOTTOM OF THE 2ND |
---|
Stanford Cardinals batting - Pitching for Oregon Ducks : RHP Brandon Poteat | Batting: RHB Justin Cartwright | 0-0: Foul Ball, location: 2F 0-1: Ball 1-1: Called Strike 1-2: Strikes out swinging | Batting: RHB Eric Bruce | 0-0: Foul Ball, location: 2F 0-1: Ball 1-1: SINGLE (Groundball, 6MS) (infield hit) | Batting: RHB Brad Scott | 0-0: Ball 1-0: Grounds into double play, 4-6-3 (Groundball, 4M) | Bottom of the 2nd over - 0 run(s), 1 hit(s), 0 error(s), 0 left on base; Oregon 1 - Stanford 0 | TOP OF THE 3RD |
---|
Oregon Ducks batting - Pitching for Stanford Cardinals : RHP Evan O'Rourke | Batting: LHB Leo Lara | 0-0: Ball 1-0: Foul Ball, location: 2F 1-1: Fly out, F6 (Popup, 6MS) | Batting: RHB Brad Lowry | 0-0: Ball 1-0: Ball 2-0: Foul Ball, location: 2F 2-1: Foul Ball, location: 2F 2-2: Foul Ball, location: 2F 2-2: Strikes out swinging | Batting: RHB Jeff Bunch | 0-0: Ball 1-0: Foul Ball, location: 2F 1-1: Ball 2-1: Foul Ball, location: 2F 2-2: Ball 3-2: Strikes out swinging | Top of the 3rd over - 0 run(s), 0 hit(s), 0 error(s), 0 left on base; Oregon 1 - Stanford 0 | BOTTOM OF THE 3RD |
---|
Stanford Cardinals batting - Pitching for Oregon Ducks : RHP Brandon Poteat | Batting: LHB Kyle Russom | 0-0: Foul Ball, location: 2F 0-1: Ball 1-1: Swinging Strike 1-2: Foul Ball, location: 2F 1-2: Ball 2-2: Fly out, F3 (Popup, 3) | Batting: RHB Jason Ellis | 0-0: Ball 1-0: Ball 2-0: Called Strike 2-1: Called Strike 2-2: Ball 3-2: SINGLE (Groundball, 56D) | Batting: RHB Tony Fimbres | 0-0: Called Strike 0-1: Fly out, F8 (Flyball, 8LD) | Batting: SHB Jose Gutierrez | 0-0: Ball 1-0: Foul Ball, location: 2F 1-1: Ground out 1-3 (Groundball, 15) | Bottom of the 3rd over - 0 run(s), 1 hit(s), 0 error(s), 1 left on base; Oregon 1 - Stanford 0 | TOP OF THE 4TH |
---|
Oregon Ducks batting - Pitching for Stanford Cardinals : RHP Evan O'Rourke | Batting: RHB Gabriel Lerer | 0-0: Called Strike 0-1: Ball 1-1: Fly out, F6 (Popup, 56D) | Batting: SHB Josh Herrera | 0-0: Swinging Strike 0-1: Called Strike 0-2: Foul Ball, location: 2F 0-2: Strikes out swinging | Batting: RHB Jason Mathews | 0-0: Called Strike 0-1: Ball 1-1: Ball 2-1: Fly out, F4 (Popup, 4MD) | Top of the 4th over - 0 run(s), 0 hit(s), 0 error(s), 0 left on base; Oregon 1 - Stanford 0 | BOTTOM OF THE 4TH |
---|
Stanford Cardinals batting - Pitching for Oregon Ducks : RHP Brandon Poteat | Batting: SHB Dave Abell | 0-0: Ball 1-0: Fly out, F7 (Flyball, 7S) | Batting: SHB Alex Ledesma | 0-0: Called Strike 0-1: Ball 1-1: Ball 2-1: DOUBLE (Line Drive, 89D) | Batting: RHB Justin Cartwright | 0-0: Ball 1-0: Ball 2-0: Called Strike 2-1: Ground out U3 (Groundball, 3) Alex Ledesma to third | Batting: RHB Eric Bruce | 0-0: Ball 1-0: Ball 2-0: Ball 3-0: Called Strike 3-1: Base on Balls | Batting: RHB Brad Scott | 0-0: Ground out 4-3 (Groundball, 4) | Bottom of the 4th over - 0 run(s), 1 hit(s), 0 error(s), 2 left on base; Oregon 1 - Stanford 0 | TOP OF THE 5TH |
---|
Oregon Ducks batting - Pitching for Stanford Cardinals : RHP Evan O'Rourke | Batting: RHB Jason Mooney | 0-0: Ball 1-0: Ball 2-0: Ball 3-0: Base on Balls | Batting: RHB Eric Wilson | 0-0: Ball 1-0: Ball 2-0: Ball 3-0: Base on Balls Jason Mooney to second | Batting: LHB Rich Avalos | 0-0: Ball Wild Pitch! Jason Mooney to third Eric Wilson to second 1-0: Ground out 3-1 (Groundball, 34S) Jason Mooney scores Eric Wilson to third | Batting: LHB Leo Lara | 0-0: Ball 1-0: Called Strike 1-1: Foul Ball, location: 2F 1-2: Ball 2-2: Fly out, F7 (Flyball, 7) Runner from 3rd tags up, SCORES, throw made | Batting: RHB Brad Lowry | 0-0: Foul Ball, location: 2F 0-1: Ball 1-1: Called Strike 1-2: Ball 2-2: Strikes out looking | Top of the 5th over - 2 run(s), 0 hit(s), 0 error(s), 0 left on base; Oregon 3 - Stanford 0 | BOTTOM OF THE 5TH |
---|
Stanford Cardinals batting - Pitching for Oregon Ducks : RHP Brandon Poteat | Batting: LHB Kyle Russom | 0-0: Called Strike 0-1: Swinging Strike 0-2: Ball 1-2: Ball 2-2: Strikes out swinging | Batting: RHB Jason Ellis | 0-0: Swinging Strike 0-1: Foul Ball, location: 2F 0-2: Ground out 1-3 (Groundball, 13) | Batting: RHB Tony Fimbres | 0-0: Called Strike 0-1: Fly out, F7 (Line Drive, 7) | Bottom of the 5th over - 0 run(s), 0 hit(s), 0 error(s), 0 left on base; Oregon 3 - Stanford 0 | TOP OF THE 6TH |
---|
Oregon Ducks batting - Pitching for Stanford Cardinals : RHP Evan O'Rourke | Pitching: LHP Dave Gilmore | | Batting: RHB Jeff Bunch | 0-0: Ball 1-0: Foul Ball, location: 2F 1-1: Ball 2-1: Ball 3-1: Called Strike 3-2: Base on Balls | Batting: RHB Gabriel Lerer | 0-0: Ball 1-0: Reached on error, E8 (Flyball, 8RM) Jeff Bunch to second | Batting: SHB Josh Herrera | 0-0: Ball 1-0: Called Strike 1-1: Grounds into double play, 4-6-3 (Groundball, 4M) Jeff Bunch to third | Batting: RHB Jason Mathews | 0-0: Swinging Strike 0-1: Swinging Strike 0-2: Ball 1-2: Ball 2-2: Strikes out swinging | Top of the 6th over - 0 run(s), 0 hit(s), 1 error(s), 1 left on base; Oregon 3 - Stanford 0 | BOTTOM OF THE 6TH |
---|
Stanford Cardinals batting - Pitching for Oregon Ducks : RHP Brandon Poteat | Batting: SHB Jose Gutierrez | 0-0: Foul Ball, location: 2F 0-1: Called Strike 0-2: Foul Ball, location: 2F 0-2: Ball 1-2: Fly out, F7 (Flyball, 78M) | Batting: SHB Dave Abell | 0-0: Called Strike | |
---|
| | 0-1: Foul Ball, location: 2F 0-2: Ball 1-2: Ball 2-2: Ball 3-2: Base on Balls | Batting: SHB Alex Ledesma | 0-0: Called Strike 0-1: Ball 1-1: Fly out, F9 (Flyball, 9D) | Pitching: RHP Nate Sharp | | Batting: RHB Justin Cartwright | 0-0: Swinging Strike 0-1: Fly out, F3 (Popup, 34S) | Bottom of the 6th over - 0 run(s), 0 hit(s), 0 error(s), 1 left on base; Oregon 3 - Stanford 0 | TOP OF THE 7TH |
---|
Oregon Ducks batting - Pitching for Stanford Cardinals : LHP Dave Gilmore | Batting: RHB Jason Mooney | 0-0: Ball 1-0: Foul Ball, location: 2F 1-1: Ball 2-1: Ground out 1-3 (Groundball, 13S) | Batting: RHB Eric Wilson | 0-0: Ground out 2-3 (Groundball, 2L) | Batting: LHB Rich Avalos | 0-0: Ball 1-0: Foul Ball, location: 2F 1-1: Foul Ball, location: 2F 1-2: Ball 2-2: Ball 3-2: Base on Balls | Batting: LHB Leo Lara | 0-0: Called Strike 0-1: Foul Ball, location: 2F 0-2: Strikes out swinging | Top of the 7th over - 0 run(s), 0 hit(s), 0 error(s), 1 left on base; Oregon 3 - Stanford 0 | BOTTOM OF THE 7TH |
---|
Stanford Cardinals batting - Pitching for Oregon Ducks : RHP Nate Sharp | Batting: RHB Eric Bruce | 0-0: Ball 1-0: Called Strike 1-1: SINGLE (Groundball, 56D) | Batting: RHB Brad Scott | 0-0: Called Strike 0-1: Called Strike 0-2: Strikes out swinging | Batting: LHB Kyle Russom | 0-0: Ball 1-0: Called Strike Eric Bruce is caught stealing 2nd base 1-1: Foul Ball, location: 2F 1-2: Ground out 4-3 (Groundball, 4) | Bottom of the 7th over - 0 run(s), 1 hit(s), 0 error(s), 0 left on base; Oregon 3 - Stanford 0 | TOP OF THE 8TH |
---|
Oregon Ducks batting - Pitching for Stanford Cardinals : LHP Dave Gilmore | Pitching: RHP Ken Cohen | | Batting: RHB Brad Lowry | 0-0: Called Strike 0-1: Ball 1-1: Ball 2-1: Ball 3-1: Fly out, F8 (Flyball, 78S) | Batting: RHB Jeff Bunch | 0-0: Foul Ball, location: 2F 0-1: Ball 1-1: Foul Ball, location: 2F 1-2: Foul Ball, location: 2F 1-2: Ball 2-2: Strikes out swinging | Batting: RHB Gabriel Lerer | 0-0: Ball 1-0: Called Strike 1-1: Ball 2-1: Ball 3-1: Base on Balls | Batting: SHB Josh Herrera | 0-0: Ball 1-0: Called Strike Throwing error on steal attempt, E2 Gabriel Lerer to third 1-1: Foul Ball, location: 2F 1-2: Foul Ball, location: 2F 1-2: Ball 2-2: Foul Ball, location: 2F 2-2: Foul Ball, location: 2F 2-2: Fly out, F9 (Flyball, 89M) | Top of the 8th over - 0 run(s), 0 hit(s), 1 error(s), 1 left on base; Oregon 3 - Stanford 0 | BOTTOM OF THE 8TH |
---|
Stanford Cardinals batting - Pitching for Oregon Ducks : RHP Nate Sharp | Batting: RHB Jason Ellis | 0-0: Swinging Strike 0-1: Foul Ball, location: 2F 0-2: Fly out, F7 (Flyball, 78D) | Batting: RHB Tony Fimbres | 0-0: SINGLE (Groundball, 56D) | Batting: SHB Jose Gutierrez | 0-0: Ball 1-0: Ball 2-0: Ball 3-0: Called Strike 3-1: Foul Ball, location: 2F 3-2: Fly out, F9 (Flyball, 89M) | Batting: SHB Dave Abell | 0-0: Ball 1-0: Fielders Choice at 2nd, U4 (Groundball, 4M) | Bottom of the 8th over - 0 run(s), 1 hit(s), 0 error(s), 1 left on base; Oregon 3 - Stanford 0 | TOP OF THE 9TH |
---|
Oregon Ducks batting - Pitching for Stanford Cardinals : RHP Ken Cohen | Pitching: RHP Eddie Hoadley | | Batting: RHB Jason Mathews | 0-0: Called Strike 0-1: Ball 1-1: Ball 2-1: SINGLE (Flyball, 9S) | Batting: RHB Jason Mooney | 0-0: Foul Ball, location: 2F 0-1: Foul Ball, location: 2F 0-2: Foul Ball, location: 2F 0-2: Ball 1-2: Ball 2-2: Ball 3-2: Foul Ball, location: 2F 3-2: Base on Balls Jason Mathews to second | Batting: RHB Eric Wilson | 0-0: Foul Ball, location: 2F 0-1: Hit by Pitch Jason Mathews to third Jason Mooney to second | Batting: LHB Rich Avalos | 0-0: Called Strike 0-1: Swinging Strike 0-2: Ball 1-2: Ball 2-2: Foul Ball, location: 2F 2-2: Ball 3-2: Fly out, F9 (Flyball, 9S) | Batting: LHB Leo Lara | 0-0: SINGLE (Groundball, 6) (infield hit) Jason Mathews scores Jason Mooney to third Eric Wilson to second | Batting: RHB Brad Lowry | 0-0: Called Strike 0-1: Ball 1-1: Fielders Choice at 2nd, 6-4 (Groundball, 56) Jason Mooney scores Eric Wilson to third | Batting: RHB Jeff Bunch | 0-0: Ball Brad Lowry is caught stealing 2nd base | Top of the 9th over - 2 run(s), 2 hit(s), 0 error(s), 1 left on base; Oregon 5 - Stanford 0 | BOTTOM OF THE 9TH |
---|
Stanford Cardinals batting - Pitching for Oregon Ducks : RHP Nate Sharp | Batting: SHB Alex Ledesma | 0-0: Called Strike 0-1: Ball 1-1: Ball 2-1: Ball 3-1: Called Strike 3-2: Base on Balls | Batting: RHB Justin Cartwright | 0-0: Called Strike 0-1: Foul Ball, location: 2F 0-2: Strikes out swinging | Batting: RHB Eric Bruce | 0-0: Ball 1-0: Ball 2-0: Foul Ball, location: 2F 2-1: Ball 3-1: Base on Balls Alex Ledesma to second | Batting: RHB Brad Scott | 0-0: Ball 1-0: Called Strike 1-1: Ball 2-1: 3-RUN HOME RUN (Flyball, 8LXD), Distance : 439 ft | Pitching: RHP Tyler Barnes | | Batting: LHB Kyle Russom | 0-0: Swinging Strike 0-1: Swinging Strike 0-2: Strikes out looking | Batting: RHB Jason Ellis | 0-0: Ball 1-0: Called Strike 1-1: Foul Ball, location: 2F 1-2: Foul Ball, location: 2F 1-2: Ball 2-2: Fly out, F5 (Line Drive, 56S) | Bottom of the 9th over - 3 run(s), 1 hit(s), 0 error(s), 0 left on base; Oregon 5 - Stanford 3 |  | Monday, October 30th, 2017 - OOTP Baseball 18.8 Build 76 | |